 Dungeon Crawl Stone Soup version 0.30-a0-359-gd0147acb1a (webtiles) character file.

Game seed: 7640672338893502519

42 bande the Trooper (level 3, -3/23 HPs)
             Began as a Gargoyle Fighter on Nov 11, 2022.
             Slain by a shadow imp (5 damage)
             ... summoned by Natasha
             ... on level 3 of the Dungeon.
             The game lasted 00:01:58 (1332 turns).

bande the Trooper (Gargoyle Fighter)                Turns: 1332, Time: 00:01:59

Health: -3/23      AC: 10    Str: 19    XL:     3   Next: 54%
Magic:  3/3        EV:  9    Int:  8    God:
Gold:   129        SH:  4    Dex: 11    Spells: 2/2 levels left

rFire   . . .      SeeInvis .    a - +0 war axe
rCold   . . .      Faith    .    c - +0 buckler
rNeg    + . .      Spirit   .    b - +0 scale mail
rPois   ∞          Reflect  .    (no helmet)
rElec   +          Harm     .    (no cloak)
rCorr   .          Rampage  .    (no gloves)
Will    .....                    (no boots)
Stlth   ..........               (no amulet)
HPRegen 0.23/turn                (no ring)
MPRegen 0.08/turn                (no ring)

@: no status effects
A: sickness immunity, AC +3, negative energy resistance 1, electricity
resistance, torment resistance 1, petrification resistance
a: no special abilities


You were on level 3 of the Dungeon.
You visited 1 branch of the dungeon, and saw 3 of its levels.

You collected 129 gold pieces.

Inventory:

Hand Weapons
 a - a +0 war axe (weapon)
 i - a +0 flail
Armour
 b - a +0 scale mail (worn)
 c - a +0 buckler (worn)
Jewellery
 k - an amulet of reflection
Scrolls
 e - 2 scrolls of teleportation {unknown}
 f - 2 scrolls of butterflies {unknown}
 h - a scroll of blinking {unknown}
Potions
 d - a potion of might
 g - a potion of attraction {unknown}
 j - a potion of brilliance {unknown}
 l - a potion of resistance {unknown}


   Skills:
 + Level 3.6 Fighting
 + Level 2.6 Axes
 + Level 3.5 Armour
 - Level 0.3 Dodging
 + Level 3.5 Shields


You had 2 spell levels left.
You didn't know any spells.
Your spell library was empty.

Dungeon Overview and Level Annotations

Branches:
Dungeon (3/15)

Altars:

Annotations:
D:3 Natasha


Innate Abilities, Weirdness & Mutations

You are immune to sickness and miasma.
Your stone body is resilient. (AC +3)
You are immune to poison.
You resist negative energy. (rN+)
You are resistant to electric shocks. (rElec)
You are resistant to unholy torment.
You are immune to petrification.


Message History

The white imp closely misses you. You block the crimson imp's attack.
Natasha barely misses you. You block the crimson imp's attack.
The white imp hits you but does no damage.
Unknown command.
You barely miss Natasha.
Natasha is moderately wounded.
You hit the white imp.
You kill the white imp!
The white imp disappears in a puff of smoke!
You miss the crimson imp. Natasha casts a spell at you.
The magic dart hits you.
The crimson imp blinks!
The crimson imp hits you. Natasha claws you!
* * * LOW HITPOINT WARNING * * *
You miss Natasha.
Natasha is moderately wounded.
You hit the crimson imp.
The crimson imp hits you but does no damage.
Natasha claws you but does no damage.
Unknown command.
You closely miss Natasha.
Natasha is moderately wounded.
You slash the crimson imp!
You kill the crimson imp!
The crimson imp disappears in a puff of smoke!
You block Natasha's attack.
Natasha mumbles some strange words.
You closely miss Natasha.
Natasha is moderately wounded.
You slash the crimson imp! You barely miss the shadow imp.
The crimson imp closely misses you. You block Natasha's attack.
The shadow imp barely misses you.
The crimson imp hits you but does no damage.
Unknown command.
You hit Natasha.
Natasha is heavily wounded.
You slash the crimson imp! You hit the shadow imp. Natasha claws you.
* * * LOW HITPOINT WARNING * * *
The shadow imp hits you.
You die...

#.## ####### #.##
#.....#### #.##
#........##########.##
#...................##
#........###..........
#........##......<#...
#...5h..##..##...#...
#@# #.....#.#...
#######5#####.#####.##..
......................<.
..#####....######....†..
#.................
#....######......#
#....# #......# #....#
####...# #....# #...#


You could see Natasha, a crimson imp (summoned) and a shadow imp (summoned).

Vanquished Creatures
  2 worms (D:2)
  A dart slug (D:1)
  6 ball pythons
  3 bats
  2 endoplasms (D:1)
  3 giant cockroaches
  5 hobgoblins
  3 jackals (D:1)
  3 kobolds
  2 quokkas
  A frilled lizard (D:3)
31 creatures vanquished.

Notes
Turn   | Place    | Note
-------+----------+-------------------------------------------
     0 | D:1      | bande the Gargoyle Fighter began the quest for the Orb.
     0 | D:1      | Reached XP level 1. HP: 14/14 MP: 1/1
    88 | D:1      | Reached XP level 2. HP: 19/19 MP: 2/2
   658 | D:2      | Reached XP level 3. HP: 23/23 MP: 3/3
  1317 | D:3      | Noticed Natasha
  1332 | D:3      | Slain by a shadow imp

Illustrated notes

Levels and vault maps discovered:
D:1:      minmay_arrival_loop, layout_loops_cross, minmay_misc_feat_nine_boxes
D:2:      layout_basic, kennysheep_generic_room_9
D:3:      layout_basic, marbit_many_paths, uniq_natasha

Skill      XL: |  1  2 |
---------------+-------+-----
Axes           | 2 |  2.6
Fighting       | |  3.6
Armour         | |  3.5
Dodging        | |  0.3
Shields        | |  3.5

Action                   || total
-------------------------++-------
Melee: War axe           ||    92
Armor: Scale mail        ||    53
Dodge: Dodged            ||    56
Block: Buckler           ||    32

Table legend: (Time is in decaauts)
 A = Elapsed time spent in this place.
 B = Non-inter-level travel time spent in this place.
 C = Inter-level travel time spent in this place.
 D = Time resting spent in this place.
 E = Time spent auto-exploring this place.
 F = Levels seen in this place.
 G = Mean time per level.
                   A        B        C        D        E       F      G
               +--------+--------+--------+--------+--------+-----+--------+
         Total |   1370 |   1349 |     21 |      0 |   1049 |   3 |  456.7 |
       Dungeon |   1370 |   1349 |     21 |      0 |   1049 |   3 |  456.7 |
               +--------+--------+--------+--------+--------+-----+--------+

Top non-repeatable levels by time:
     D:2: 669 daAuts
     D:1: 615 daAuts
     D:3: 84 daAuts
